 Dungeon Crawl Stone Soup version 0.16.2-12-gd0ad4c3 (webtiles) character file.

521 SlimeFever the Covered (level 7, 0/58 HPs)
             Began as a Centaur Fighter on Oct 1, 2015.
             Was a Follower of Makhleb.
             Slain by a mummy (13 damage)
             ... in an ossuary.
             The game lasted 00:24:00 (2967 turns).

SlimeFever the Covered (Centaur Fighter)            Turns: 2967, Time: 00:24:00

Health: 0/58       AC: 17    Str: 18    XL:     7   Next: 1%
Magic:  5/5        EV:  1    Int: 14    God:    Makhleb [*.....]
Gold:   128        SH:  8    Dex:  9    Spells: 0 memorised, 6 levels left

rFire  . . .     SeeInvis .     x - +3 flail (protect) (curse)
rCold  . . .     Clarity  .     g - +1 plate armour
rNeg   . . .     SustAb   .     k - +0 shield
rPois  .         Gourm    .     p - +0 helmet
rElec  .         Spirit   .     (no cloak)
rCorr  .         Warding  .     (no gloves)
rMut   .         Stasis   .     (no barding)
MR     .....                    (no amulet)
Stlth  ..........               (no ring)
                                f - ring of stealth

@: brilliant, very slightly contaminated, hasted, very quick, not resistant to
hostile enchantments, extremely unstealthy
A: hooves 3, deformed body, speed 2, tough skin 3
a: Renounce Religion


You were in an ossuary.
You worshipped Makhleb.
Makhleb was aware of your devotion.
You were not hungry.

You visited 1 branch of the dungeon, and saw 4 of its levels.
You also visited: Ossuary.

You collected 128 gold pieces.

Inventory:

Hand weapons
 a - a +1 flail
 h - a cursed +0 hunting sling
 m - a +4 mace
 x - a cursed +3 flail of protection (weapon)
Missiles
 n - 3 throwing nets (quivered)
 q - 11 poisoned needles
 u - 16 arrows
Armour
 g - a +1 plate armour (worn)
 k - a +0 shield (worn)
 p - a +0 helmet (worn)
Jewellery
 f - a ring of stealth (left hand)
Scrolls
 l - 3 scrolls of teleportation
Potions
 e - a potion of might
Comestibles
 c - a meat ration
 d - 3 bread rations
 i - a royal jelly


   Skills:
 + Level 3.8 Fighting
 * Level 3.7 Maces & Flails
 * Level 4.4 Armour
 + Level 0.3 Dodging
 + Level 3.0 Shields


You had 6 spell levels left.
You didn't know any spells.

Dungeon Overview and Level Annotations

Branches:
Dungeon (4/15)             Temple (0/1) D:4

Altars:
Makhleb
Qazlal


Innate Abilities, Weirdness & Mutations

You have hooves in place of feet.
Armour fits poorly on your strangely shaped body.
You cover ground very quickly.
You have extremely tough skin (AC +3).


Message History

You hit the kobold zombie.
You destroy the kobold zombie!
Makhleb accepts your kill.
You feel a little better.
You sock the mummy!
The mummy is almost destroyed.
You sock the mummy!
You destroy the mummy!
Makhleb accepts your kill.
You feel nervous for a moment...
Your +3 flail of protection glows black for a moment.
You have reached level 7!
You thump the mummy! You kick the mummy, but do no damage.
The mummy is heavily damaged.
You hit the mummy.
The mummy is severely damaged.
You hit the mummy.
The mummy is severely damaged.
The mummy hits you!
You die...

.. # .... #### ..#
..... ##..## ....
.....##....##.....
..................#
#........M@......#
#..............##
#+##........##+#
##..(...## ##..(.##
#..(.# #....#
#....# #....#


You could see a mummy.

Vanquished Creatures
  Edmund (D:4)
  A phantom (D:3)
  An orc wizard (D:4)
  A hound (D:3)
  4 mummies (Ossuary)
  Robin (D:4)
  4 adders
  7 gnolls (D:3)
  A worm (D:2)
  A giant gecko (D:1)
  8 orcs
  3 giant cockroaches
  8 hobgoblins
  3 jackals (D:1)
  A quokka (D:2)
  4 bats
  3 giant newts
  4 gnoll zombies (Ossuary)
  13 goblins
  2 hobgoblin zombies (Ossuary)
  9 kobolds
  A kobold zombie (Ossuary)
  An orc zombie (Ossuary)
  11 rats
93 creatures vanquished.

Notes
Turn   | Place    | Note
--------------------------------------------------------------
     0 | D:1      | SlimeFever, the Centaur Fighter, began the quest for the Orb.
     0 | D:1      | Reached XP level 1. HP: 19/19 MP: 1/1
   275 | D:1      | Reached XP level 2. HP: 12/26 MP: 2/2
   981 | D:2      | Reached XP level 3. HP: 21/31 MP: 3/3
  1670 | D:3      | Reached XP level 4. HP: 25/38 MP: 3/3
  1775 | D:3      | Found a burning altar of Makhleb.
  1912 | D:3      | Found a stormy altar of Qazlal.
  1999 | D:3      | Reached XP level 5. HP: 26/45 MP: 4/4
  2119 | D:3      | Became a worshipper of Makhleb the Destroyer
  2246 | D:3      | Noticed a phantom
  2323 | D:3      | Killed a phantom
  2323 | D:3      | Reached XP level 6. HP: 22/51 MP: 5/5
  2594 | D:4      | Found a staircase to the Ecumenical Temple.
  2687 | D:4      | Noticed Edmund
  2688 | D:4      | Noticed Robin
  2696 | D:4      | Killed Edmund
  2696 | D:4      | Reached skill level 4 in Armour
  2715 | D:4      | Acquired Makhleb's first power
  2738 | D:4      | Killed Robin
  2749 | D:4      | Found a sand-covered staircase.
  2759 | Ossuary  | Entered an ossuary
  2930 | Ossuary  | HP: 1/52 [mummy (10)]
  2943 | Ossuary  | HP: 1/52 [poison (a potion of poison)]
  2958 | Ossuary  | Reached XP level 7. HP: 12/58 MP: 5/5
  2967 | Ossuary  | Slain by a mummy

Action                   |  1- 3 |  4- 6 |  7- 9 || total
-------------------------+-------+-------+-------++-------
Melee: Flail             |   166 |    37 |     3 ||   206
       Mace              |     4 |   174 |       ||   178
Throw: Throwing net      |     1 |     1 |       ||     2
       Tomahawk          |       |     4 |       ||     4
  Use: Scroll            |     5 |     8 |       ||    13
       Potion            |     2 |     4 |       ||     6
  Eat: Beef jerky        |       |     1 |       ||     1
       Meat ration       |       |     1 |       ||     1
